 Dungeon Crawl Stone Soup version 0.30-a0-50-gb2d611f6b1 (webtiles) character file.

Game seed: 15349644403206512862

126 timneilson the Shield-Bearer (level 5, 0/33 HPs)
             Began as a Gargoyle Fighter on Sept 3, 2022.
             Slain by Crazy Yiuf
             ... wielding a +3 quarterstaff of chaos
              (14 damage)
             ... on level 2 of the Dungeon.
             The game lasted 00:02:56 (2685 turns).

timneilson the Shield-Bearer (Gargoyle Fighter)     Turns: 2685, Time: 00:02:57

Health: 0/33       AC: 13    Str: 21    XL:     5   Next: 9%
Magic:  5/5        EV:  7    Int:  9    God:
Gold:   97         SH:  4    Dex:  9    Spells: 4/4 levels left

rFire   . . .      SeeInvis .    a - +0 long sword
rCold   . . .      Faith    .    c - +0 buckler
rNeg    + . .      Spirit   .    n - +0 chain mail
rPois   ∞          Reflect  .    (no helmet)
rElec   +          Harm     .    (no cloak)
rCorr   .          Rampage  .    (no gloves)
Will    .....                    (no boots)
Stlth   ..........               (no amulet)
HPRegen 0.11/turn                (no ring)
MPRegen 0.09/turn                (no ring)

@: hasted, very quick
A: sickness immunity, AC +4, negative energy resistance 1, electricity
resistance, torment resistance 1, petrification resistance
a: no special abilities


You were on level 2 of the Dungeon.
You visited 1 branch of the dungeon, and saw 2 of its levels.

You collected 97 gold pieces.

Inventory:

Hand Weapons
 a - a +0 long sword (weapon)
Armour
 c - a +0 buckler (worn)
 n - a +0 chain mail (worn)
Scrolls
 m - a scroll of fear
Potions
 d - a potion of might
 f - a potion of lignification
 g - a potion of haste
 j - 3 potions of heal wounds
 k - 2 potions of curing
 l - a potion of ambrosia {unknown}
 o - a potion of mutation {unknown}
 p - a potion of attraction {unknown}
 q - a potion of magic {unknown}


   Skills:
 + Level 3.9 Fighting
 * Level 2.6 Long Blades
 * Level 4.1 Armour
 + Level 0.8 Dodging
 * Level 4.2 Shields


You had 4 spell levels left.
You didn't know any spells.
Your spell library contained the following spells:

 Spells                   Type           Power      Damage    Failure   Level
 Ensorcelled Hibernation  Hex/Ice        0%         N/A       100%        2
 Spider Form              Tmut/Pois      0%         N/A       100%        3
 Anguish                  Hex/Necr       0%         N/A       100%        4


Dungeon Overview and Level Annotations

Branches:
Dungeon (2/15)

Altars:

Annotations:
D:2 Crazy Yiuf


Innate Abilities, Weirdness & Mutations

You are immune to sickness and miasma.
Your stone body is resilient. (AC +4)
You are immune to poison.
You resist negative energy. (rN+)
You are resistant to electric shocks. (rElec)
You are resistant to unholy torment.
You are immune to petrification.


Message History

You feel aware of your surroundings.
It was a scroll of magic mapping.
As you read the scroll labelled ZIPLAA REDABB, it crumbles to dust.
You hear a loud clanging noise!
It was a scroll of noise.
As you read the scroll labelled YFRUALLUMO, it crumbles to dust.
You hear the tinkle of a tiny bell.
It was a scroll of butterflies.
As you read the scroll of identify, it crumbles to dust.
g - a potion of haste
As you read the scroll of identify, it crumbles to dust.
i - a potion of degeneration You drop a potion of degeneration.
You open the door. You hit Crazy Yiuf.
Crazy Yiuf is moderately wounded.
Crazy Yiuf hits you with a +3 quarterstaff of chaos.
You blink.
You see here a +0 hammer.
You closely miss Crazy Yiuf.
Crazy Yiuf is moderately wounded.
Crazy Yiuf laughs, "Ten!
Castle snail tea."
Crazy Yiuf barely misses you.
You barely miss Crazy Yiuf.
Crazy Yiuf is moderately wounded.
Crazy Yiuf hits you with a +3 quarterstaff of chaos!
Crazy Yiuf closely misses you.
You hit Crazy Yiuf.
Crazy Yiuf is heavily wounded.
Crazy Yiuf hits you but does no damage.
You hit Crazy Yiuf.
Crazy Yiuf is severely wounded.
Crazy Yiuf hits you with a +3 quarterstaff of chaos.
You feel yourself speed up.
You closely miss Crazy Yiuf.
Crazy Yiuf is severely wounded.
Crazy Yiuf hits you with a +3 quarterstaff of chaos.
Crazy Yiuf freezes you.
You hit Crazy Yiuf.
Crazy Yiuf is severely wounded.
Crazy Yiuf hits you with a +3 quarterstaff of chaos!
You die...

..........#
##...#
..........# ##.##
..........# ##.#
..........# #b##
.........## ##.#
..........# #!##
.....###### ##b##
.....+....# #.)g#
.....##...# #.b@#
.....##...# #)..#
......#...# #####
......#...#
......##..##
...........######
#...............#
#........<......#
................#


You could see Crazy Yiuf.

Vanquished Creatures
  A phantom (D:2)
  2 dart slugs
  6 ball pythons
  8 endoplasms
  2 giant cockroaches (D:2)
  5 goblins
  4 hobgoblins
  6 kobolds
  A quokka (D:2)
  3 bats (D:1)
  A frilled lizard (D:1)
  3 rats (D:2)
42 creatures vanquished.

Notes
Turn   | Place    | Note
-------+----------+-------------------------------------------
     0 | D:1      | timneilson the Gargoyle Fighter began the quest for the
                  | Orb.
     0 | D:1      | Reached XP level 1. HP: 14/14 MP: 1/1
   436 | D:1      | Reached XP level 2. HP: 11/19 MP: 2/2
  1344 | D:1      | Reached XP level 3. HP: 23/23 MP: 3/3
  1426 | D:1      | Found a faded altar of an unknown god.
  1818 | D:2      | Found a runed translucent door.
  1819 | D:2      | Noticed Crazy Yiuf
  1874 | D:2      | Noticed a phantom
  1889 | D:2      | Killed a phantom
  1890 | D:2      | Reached XP level 4. HP: 11/29 MP: 4/4
  2430 | D:2      | Reached XP level 5. HP: 33/33 MP: 5/5
  2685 | D:2      | Slain by Crazy Yiuf

Illustrated notes

Levels and vault maps discovered:
D:1:      minmay_arrival_wavy_path, layout_basic,
          dreamdust_ecumenical_altar_grove, eino_curves_01,
          minmay_misc_feat_roman, minmay_tall_x
D:2:      layout_basic, minmay_heptomino_w4, uniq_crazy_yiuf_cottage

Skill      XL: |  1  2  3 |
---------------+----------+-----
Long Blades    | 2 |  2.6
Armour         | 4 |  4.1
Shields        | 4 |  4.2
Fighting       | |  3.9
Dodging        | |  0.8

Action                   |  1- 3 |  4- 6 || total
-------------------------+-------+-------++-------
Melee: Long sword        |    76 |    45 ||   121
  Use: Scroll            |     7 |     5 ||    12
Armor: Scale mail        |    43 |     2 ||    45
       Chain mail        |       |    28 ||    28
Dodge: Dodged            |    34 |    10 ||    44
Block: Buckler           |    18 |     6 ||    24

Table legend: (Time is in decaauts)
 A = Elapsed time spent in this place.
 B = Non-inter-level travel time spent in this place.
 C = Inter-level travel time spent in this place.
 D = Time resting spent in this place.
 E = Time spent auto-exploring this place.
 F = Levels seen in this place.
 G = Mean time per level.
                   A        B        C        D        E       F      G
               +--------+--------+--------+--------+--------+-----+--------+
         Total |   2724 |   2709 |     15 |    214 |   2085 |   2 | 1362.0 |
       Dungeon |   2724 |   2709 |     15 |    214 |   2085 |   2 | 1362.0 |
               +--------+--------+--------+--------+--------+-----+--------+

Top non-repeatable levels by time:
     D:1: 1716 daAuts
     D:2: 1008 daAuts
